Description

ViBE (ViBe B2GM - PvZ Macro Example - Gold) - Copy

Replay - ViBe B2GM - PvZ Macro Example - Gold

Build Order

Get SALT Encoding   

  12  0:00  Probe  
  13  0:12  Probe  
  14  0:18  Pylon  
  14  0:24  Probe  
  15  0:36  Probe (Chrono Boost)  
  15  0:40  Gateway  
  16  0:48  Probe (Chrono Boost)  
  17  0:53  Assimilator  
  17  0:56  Probe (Chrono Boost)  
  18  1:03  Probe  
  19  1:15  Probe  
  20  1:24  Nexus  
  20  1:27  Probe  
  21  1:38  Cybernetics Core  
  21  1:41  Probe  
  22  1:50  Pylon  
  23  2:01  Assimilator  
  25  2:26  Stalker  
  25  2:27  Warp Gate  
  30  2:46  Robotics Facility  
  30  2:48  Shield Battery  
  32  2:55  Stalker  
  37  3:08  Pylon  
  39  3:23  Pylon  
  39  3:24  Stalker  
  44  3:35  Immortal  
  53  4:02  Nexus  
  55  4:05  Pylon  
  55  4:07  Stalker  
  57  4:18  Immortal  
  57  4:21  Assimilator x2  
  61  4:30  Stalker  
  69  4:53  Gateway x2  
  69  4:55  Stalker  
  73  5:00  Immortal (Chrono Boost)  
  79  5:20  Stalker  
  88  5:45  Stalker x3  
  88  5:49  Immortal (Chrono Boost)  
  98  6:15  Nexus  
  101  6:26  Immortal (Chrono Boost)  
  101  6:31  Assimilator x2  
  105  6:35  Twilight Council  
  105  6:38  Forge x2  
  117  6:59  Protoss Ground Weapons Level 1 (Chrono Boost)  
  120  7:09  Protoss Ground Armor Level 1 (Chrono Boost)  
  120  7:13  Immortal (Chrono Boost)  
  127  7:21  Templar Archives  
  127  7:24  Gateway x2  
  131  7:39  Immortal (Chrono Boost)  
  127  7:50  Gateway x2  
  128  8:09  Assimilator x2, Immortal (Chrono Boost), Nexus  
  148  8:45  Robotics Facility x2  
  148  8:48  Protoss Ground Weapons Level 2 (Chrono Boost), Protoss Ground Armor Level 2 (Chrono Boost)  
  148  8:51  Gateway x3  
  160  9:15  Immortal  
  166  9:38  Immortal  
  166  9:41  High Templar x9  
  192  9:49  Archon x4  
  192  9:51  High Templar  
  192  9:58  Archon  
Spawning Tool Build Advisor. Get it on Overwolf

Go to:

Details

  • Created by: pepsomo@gmail.com
  • Published on: Oct 30, 2026
  • Modified on: Oct 30, 2026
  • Patch: 5.0.16
  • Difficulty: Easy
Show
View Real Time Build Order
Export as new Build Order

Comments (0)

There are no comments. Be the first!

Create an account to comment!